 Dungeon Crawl Stone Soup version 0.29.1-2-gbd0b4ee654 (webtiles) character file.

Game seed: 14894736822366616264

77 safid the Shooter (level 4, 0/40 HPs)
             Began as a Minotaur Hunter on Oct 26, 2022.
             Slain by a gnoll
             ... wielding a +0 spear
              (2 damage)
             ... on level 2 of the Dungeon.
             The game lasted 00:02:16 (1872 turns).

safid the Shooter (Minotaur Hunter)                 Turns: 1872, Time: 00:02:17

Health: 0/40       AC:  7    Str: 15    XL:     4   Next: 13%
Magic:  3/3        EV: 10    Int:  6    God:
Gold:   120        SH:  5    Dex: 16    Spells: 3/3 levels left

rFire   . . .      SeeInvis .   a - +0 shortbow
rCold   . . .      Faith    .   (shield currently unavailable)
rNeg    . . .      Spirit   .   j - +0 scale mail
rPois   .          Reflect  +   (helmet restricted)
rElec   .          Harm     .   c - +0 cloak
rCorr   .          Rampage  .   (no gloves)
Will    .....                   (no boots)
Stlth   ..........              f - amulet of reflection
HPRegen 0.13/turn               (no ring)
MPRegen 0.08/turn               (no ring)

@: no status effects
A: horns 2, retaliatory headbutt
a: no special abilities


You were on level 2 of the Dungeon.
You visited 1 branch of the dungeon, and saw 3 of its levels.

You collected 120 gold pieces.

Inventory:

Hand Weapons
 a - a +0 shortbow (weapon)
Armour
 c - a +0 cloak (worn)
 j - a +0 scale mail (worn)
Jewellery
 f - an amulet of reflection (around neck)
 q - an amulet of regeneration
Scrolls
 b - a scroll of blinking {unknown}
 d - a scroll of enchant weapon {unknown}
 e - 2 scrolls of enchant armour {unknown}
 g - a scroll of amnesia {unknown}
 k - 3 scrolls of magic mapping {unknown}
 m - a scroll of fear {unknown}
 p - 3 scrolls of acquirement {unknown}
Potions
 h - a potion of flight {unknown}
 i - a potion of mutation {unknown}
 l - a potion of haste {unknown}
 n - 2 potions of curing {unknown}
 o - 2 potions of might {unknown}


   Skills:
 + Level 4.1 Fighting
 + Level 5.4 Ranged Weapons
 - Level 2.1 Dodging
 - Level 0.7 Stealth


You had 3 spell levels left.
You didn't know any spells.
Your spell library contained the following spells:

 Spells                   Type           Power      Damage    Failure   Level
 Ensorcelled Hibernation  Hex/Ice        0%         N/A       97%         2
 Passwall                 Tmut/Erth      0%         N/A       97%         2
 Swiftness                Air            0%         N/A       99%         3


Dungeon Overview and Level Annotations

Branches:
Dungeon (3/15)

Altars:

Shops:
D:1 [

Annotations:
D:3 Sigmund


Innate Abilities, Weirdness & Mutations

You have a pair of horns on your head.
You reflexively headbutt those who attack you in melee.


Message History

The gnoll hits you with a +0 spear. The gnoll hits you with a +0 spear!
The gnoll closely misses you.
You shoot an arrow. The arrow barely misses the gnoll.
The gnoll hits you but does no damage. The gnoll barely misses you.
You shoot an arrow.
The arrow hits the gnoll but does no damage.
The gnoll is heavily wounded.
The gnoll barely misses you. You block the gnoll's attack.
The gnoll closely misses you. The gnoll barely misses you.
You shoot an arrow. The arrow hits the gnoll.
The gnoll is severely wounded.
The gnoll closely misses you. You block the gnoll's attack.
You shoot an arrow. The arrow barely misses the gnoll.
The gnoll hits you from afar with a +0 spear.
The gnoll hits you with a +0 spear. The gnoll hits you but does no damage.
The gnoll closely misses you.
You shoot an arrow. The arrow hits the gnoll.
The gnoll is almost dead.
The gnoll hits you with a +0 spear.
The gnoll hits you from afar with a +0 spear!
* * * LOW HITPOINT WARNING * * *
You are too injured to fight recklessly!
You are too injured to fight recklessly!
You are too injured to fight recklessly!
You are too injured to fight recklessly!
You are too injured to fight recklessly!
The gnoll hits you from afar with a +0 spear.
* * * LOW HITPOINT WARNING * * *
The gnoll hits you with a +0 spear!
* * * LOW HITPOINT WARNING * * *
You climb upwards.
There is a stone staircase leading down here.
Unknown command.
Fire: a) +0 shortbow
Press: ? - help, Q - select action Shift-Dir - straight line, f - gnoll
Aim: a gnoll, wielding a +0 spear (almost dead, 68% to hit)
You shoot an arrow. The arrow hits the gnoll.
The gnoll is almost dead.
You block the gnoll's attack. The gnoll hits you with a +0 spear.
You die...

.## ####......#.......#.# ..#
#......#............#
..######...................######
.[...[....[.###..................
..........#.# ##.#.......#..####.
.#######.##.## #...........># #.
.#######.##..# #####...###).####.
.........###.#######..........##.
..######## #...)@g..........#.##.
..# #..######...###..#.##) .##
#..# #...###..#.##. .# #..#
#...#.#....... .# #..#
#....#..##.#.. .# #..#
#...###.#..(.. ##
#[.######....#.....(..
#(..............#....#
#.########...#..##.#.#


You could see a gnoll.

Vanquished Creatures
  Jessica (D:2)
  2 gnolls (D:2)
  4 endoplasms (D:1)
  2 goblins
  4 hobgoblins
  A quokka (D:2)
  2 ball pythons
  3 bats
  A frilled lizard (D:1)
  7 kobolds
  5 rats
32 creatures vanquished.

Notes
Turn   | Place    | Note
-------+----------+-------------------------------------------
     0 | D:1      | safid the Minotaur Hunter began the quest for the Orb.
     0 | D:1      | Reached XP level 1. HP: 18/18 MP: 0/0
    69 | D:1      | Found Fasesiumo's Armour Emporium.
   294 | D:1      | You fall into a shaft and drop 1 floor!
   369 | D:2      | Reached XP level 2. HP: 26/26 MP: 1/1
  1575 | D:2      | Found a faded altar of an unknown god.
  1717 | D:2      | Reached skill level 5 in Ranged Weapons
  1717 | D:2      | Reached XP level 3. HP: 30/31 MP: 2/2
  1815 | D:3      | Noticed Jessica
  1815 | D:3      | Noticed Sigmund
  1825 | D:2      | Killed Jessica
  1826 | D:2      | Reached XP level 4. HP: 36/40 MP: 3/3
  1870 | D:3      | HP: 2/40 [gnoll/+0 spear (8)]
  1872 | D:2      | Slain by a gnoll

Illustrated notes

Levels and vault maps discovered:
D:1:      dpeg_arrival_simpleton_b, layout_basic, serial_shops,
          nicolae_shop_statue_plus
D:2:      minmay_kobold_bridge, layout_loops_ring,
          shapermc_ecumenical_altar_petra, kennysheep_nub
D:3:      layout_loops_ring, lemuel_coloured_pillars_altar, uniq_sigmund,
          uniq_jessica

Skill      XL: |  1  2  3 |
---------------+----------+-----
Fighting       | 3 4 |  4.1
Ranged Weapons | 5 |  5.4
Dodging        | |  2.1
Stealth        | |  0.7

Action                   |  1- 3 |  4- 6 || total
-------------------------+-------+-------++-------
 Fire: Shortbow          |    82 |     7 ||    89
Armor: Leather armour    |     1 |       ||     1
       Scale mail        |    13 |     2 ||    15
Dodge: Dodged            |    15 |     8 ||    23
Block: Other             |    11 |     3 ||    14
       Reflection        |     1 |       ||     1
